 Dungeon Crawl Stone Soup version 0.18.1-50-g88ac8fd (webtiles) character file.

53 magog001 the Skirmisher (level 3, -4/33 HPs)
             Began as a Minotaur Fighter on Jan 10, 2018.
             Killed from afar by Sigmund (7 damage)
             ... with a magic dart
             ... on level 2 of the Dungeon.
             The game lasted 00:07:08 (1371 turns).

magog001 the Skirmisher (Minotaur Fighter)          Turns: 1371, Time: 00:07:08

Health: -4/33      AC:  8    Str: 26    XL:     3   Next: 62%
Magic:  2/2        EV:  8    Int:  5    God:
Gold:   146        SH: 10    Dex:  9    Spells: 0 memorised, 2 levels left

rFire  . . .     SeeInvis .     a - +0 war axe
rCold  + . .     Gourm    .     b - +0 scale mail
rNeg   . . .     Faith    .     c - +0 shield
rPois  .         Spirit   .     (helmet restricted)
rElec  .         Dismiss  .     (no cloak)
rCorr  .         Reflect  .     (no gloves)
SustAt .         Harm     .     k - +0 pair of boots
MR     .....                    (no amulet)
Stlth  ..........               (no ring)
                                j - ring of protection from cold

@: mighty, not resistant to hostile enchantments, extremely unstealthy
A: retaliatory headbutt, horns 2
a: no special abilities


You were on level 2 of the Dungeon.
You were hungry.

You visited 1 branch of the dungeon, and saw 2 of its levels.

You collected 146 gold pieces.

Inventory:

Hand Weapons
 a - a +0 war axe (weapon)
Missiles
 e - 12 poisoned needles
Armour
 b - a +0 scale mail (worn)
 c - a +0 shield (worn)
 k - a +0 pair of boots (worn)
Jewellery
 j - a ring of protection from cold (left hand)
Wands
 p - a wand of iceblast (5/15)
Scrolls
 i - 2 scrolls of identify {unknown}
 l - a scroll of random uselessness {unknown}
 m - 2 scrolls of remove curse {unknown}
 n - a scroll of fear {unknown}
 s - a scroll of fog {unknown}
 t - 2 scrolls of teleportation {unknown}
Potions
 g - a potion of magic {unknown}
 h - 3 potions of curing {unknown}
 r - a potion of agility {unknown}
Comestibles
 f - 3 bread rations
 o - a slice of pizza


   Skills:
 + Level 4.2 Fighting
 + Level 2.8 Axes
 + Level 4.2 Armour
 + Level 0.9 Dodging
 + Level 4.2 Shields


You had 2 spell levels left.
You didn't know any spells.

Dungeon Overview and Level Annotations

Branches:
Dungeon (2/15)

Altars:
Yredelemnul

Annotations:
D:2 Sigmund


Innate Abilities, Weirdness & Mutations

You reflexively headbutt those who attack you in melee.
You have a pair of horns on your head.


Message History

Sigmund flickers and vanishes!
Deactivating autopickup; reactivate with Ctrl-A.
You miss something.
You feel less confused. Something hits you but does no damage.
You miss something. Something hits you!
* * * LOW HITPOINT WARNING * * *
You barely miss something. Something hits you.
* * * LOW HITPOINT WARNING * * *
You closely miss something. You headbutt something!
You are feeling hungry.
Something hits you.
* * * LOW HITPOINT WARNING * * *
Your shield prevents you from hitting something.
Something completely misses you.
You closely miss something.
You hear some strange, mumbled words.
A magic dart appears from out of thin air!
The magic dart hits you!
You die...

....................#
###################.#
..# #.# #.###########
#.# #.#.........# #.#
#.#.........#######.#
#.#..............##.#
#.######†#######.##.#
#.# #...##### #@##.#
#.# #...#...# #{##.#
#.# #...#.#.# #g##.#
#.# #...#.#.# #.##.#
#.####...#.#.# #.##.#
#........#.#.# #.##.#
.......>...#.# #.##.#
########.###.###.##.#
#.#.......##.#


You could see a hobgoblin.

Vanquished Creatures
  3 adders (D:2)
  2 bats
  3 giant cockroaches (D:1)
  3 hobgoblins
  3 giant newts
  6 goblins
  2 kobolds (D:2)
  4 rats
26 creatures vanquished.

Notes
Turn   | Place    | Note
--------------------------------------------------------------
     0 | D:1      | magog001 the Minotaur Fighter began the quest for the Orb.
     0 | D:1      | Reached XP level 1. HP: 19/19 MP: 0/0
   268 | D:1      | Reached XP level 2. HP: 27/27 MP: 1/1
   701 | D:2      | Found a basalt altar of Yredelemnul.
   844 | D:2      | Reached XP level 3. HP: 33/33 MP: 2/2
  1354 | D:2      | Noticed Sigmund
  1371 | D:2      | Killed from afar by Sigmund

Skill      XL: |  1  2 |
---------------+-------+-----
Fighting       | 4 |  4.2
Shields        | 4 |  4.2
Armour         | 4 |  4.2
Axes           | |  2.8
Dodging        | |  0.9

Action                   || total
-------------------------++-------
Melee: War axe           ||    71
       Headbutt          ||     9
  Use: Potion            ||     1
  Eat: Chunk             ||     1
Armor: Scale mail        ||    41
Dodge: Dodged            ||    19
Block: Shield            ||    39
